 Seeded DCSS version 0.30-a0-292-g0f741e3f8e (webtiles) character file.

Game seed: 9700494114414739991 (custom seed)

126811 hikkokomori the Warrior (level 16, -5/116 HPs)
             Began as a Gargoyle Berserker on Oct 17, 2022.
             Was a High Priest of Trog.
             Killed from afar by a will-o-the-wisp (18 damage)
             ... with a foxfire
             ... on level 1 of the Swamp.
             The game lasted 01:06:37 (23874 turns).

hikkokomori the Warrior (Gargoyle Berserker)       Turns: 23874, Time: 01:06:37

Health: -5/116     AC: 49    Str: 25    XL:     16   Next: 99%
Magic:  0/16       EV: 15    Int: 11    God:    Trog [*****.]
Gold:   2312       SH:  7    Dex:  9    Spells: 15/15 levels left

rFire   . . .      SeeInvis .    h - +7 broad axe
rCold   + . .      Faith    .    b - +2 buckler {reflect}
rNeg    + . .      Spirit   +    i - +8 orange crystal plate armour {Archmagi, Int+3 Clar}
rPois   ∞          Reflect  +    x - +2 hat
rElec   +          Harm     .    o - +1 cloak of Starlight {*Dazzle EV+4 Stlth--}
rCorr   +          Rampage  .    (no gloves)
Will    +....      Archmagi +    s - +0 pair of boots {Stlth+}
Stlth   .......... Clarity  +    O - amulet of guardian spirit
HPRegen 1.19/turn                y - +4 ring of evasion
MPRegen 0.15/turn                R - +4 ring of slaying

@: resistant, on berserk cooldown, flying, slowed, very slow
A: sickness immunity, AC +12, big wings, negative energy resistance 1,
electricity resistance, torment resistance 1, petrification resistance, fangs 1,
clumsy 1, regeneration 1, weak 1, heat vulnerability 1
a: Renounce Religion, Berserk, Trog's Hand, Brothers in Arms


You were on level 1 of the Swamp.
You worshipped Trog.
Trog was extremely pleased with you.
You visited 4 branches of the dungeon, and saw 24 of its levels.
You visited the Abyss 1 time.
You also visited: Sewer, Gauntlet and Volcano.

You collected 2698 gold pieces.
You spent 386 gold pieces at shops.

Inventory:

Hand Weapons
 g - a +3 broad axe of freezing
 h - a +7 broad axe (weapon)
 J - a +2 antimagic executioner's axe
 Z - the +3 long sword "Tetuoh" {holy, SInv}
   (You found it on level 11 of the Dungeon)

   It has been blessed by the Shining One to cause great damage to the undead
   and demons.
   SInv:      It lets you see invisible.
Missiles
 j - 2 throwing nets (quivered)
 V - 12 silver javelins
Armour
 b - a +2 buckler of reflection (worn)
 i - the +8 orange crystal plate armour (worn) {Archmagi, Int+3 Clar}
   (You acquired it on level 1 of the Dungeon)

   Int:       It affects your intelligence (+3).
   Clar:      It protects you against confusion.
 o - the +1 cloak of Starlight (worn) {*Dazzle EV+4 Stlth--}
   (You found it on level 13 of the Dungeon)

   It may blind those who miss an attack against the wearer in melee combat.
   EV:        It affects your evasion (+4).
   Stlth:     It makes you much less stealthy.
 s - a +0 pair of boots of stealth (worn)
 x - a +2 hat (worn)
 B - a scarf of resistance
 W - the +3 hat of Pondering {ponderous, Will+ MP+10 Int+5}
   (You found it in a Gauntlet)

   Int:       It affects your intelligence (+5).
   MP:        It affects your magic capacity (+10).
   Will:      It increases your willpower.
Jewellery
 c - a ring of protection from cold
 l - an amulet of faith
 p - a ring of fire
 r - a +6 ring of strength
 y - a +4 ring of evasion (left hand)
 O - an amulet of guardian spirit (around neck)
 P - an amulet of the acrobat
 R - a +4 ring of slaying (right hand)
 U - a ring of willpower
Wands
 a - a wand of light (8)
 k - a wand of roots (18)
 u - a wand of paralysis (16)
 H - a wand of mindburst (14)
 I - a wand of digging (9)
 M - a wand of flame (42)
Scrolls
 e - 3 scrolls of fog
 f - 8 scrolls of identify
 m - 5 scrolls of teleportation
 t - 7 scrolls of immolation
 C - 3 scrolls of blinking
 E - 2 scrolls of poison
 F - 2 scrolls of summoning
 K - a scroll of magic mapping
 S - 2 scrolls of fear
 T - 3 scrolls of enchant weapon
Potions
 d - 3 potions of berserk rage
 n - 5 potions of attraction
 q - 4 potions of magic
 v - 3 potions of invisibility
 w - 6 potions of heal wounds
 z - 4 potions of haste
 A - a potion of resistance
 D - 4 potions of curing
 L - a potion of cancellation
 N - 2 potions of might
 Q - 3 potions of mutation
Miscellaneous
 X - a lightning rod (2/4)
 Y - a phial of floods


   Skills:
 - Level 18.4 Fighting
 + Level 16.3 Axes
 + Level 14.9 Armour
 + Level 8.0 Dodging
 - Level 9.0 Shields


You had 15 spell levels left.
You didn't know any spells.
Your spell library contained the following spells:

 Spells                   Type           Power      Damage    Failure   Level
 Dispel Undead            Necr           0%         3d6       100%        4
 Death Channel            Necr           0%         N/A       100%        6
 Cigotuvi's Dreadful Rot  Necr/Pois/Air  Unusable   N/A       N/A         2

Dungeon Overview and Level Annotations

Branches:
Dungeon (15/15)            Temple (0/1) D:5            Lair (5/5) D:8
  Swamp (2/4) Lair:2       Spider (0/4) Lair:3        Slime (0/5) Lair:4
    Orc (2/2) D:10            Elf (0/3) Orc:2        Vaults (0/5) D:13
 Depths (0/4) D:15          Sewer (visited)         Volcano (visited)
Gauntlet (visited)

Altars:
Elyvilon
Fedhas
Gozag
Kikubaaqudgha
Makhleb
Nemelex Xobeh
Qazlal
Ru
Trog
Vehumet
Wu Jian
Yredelemnul
Zin
The Shining One

Shops:
D:2 (   D:4 :   D:11 [   D:13 *   Orc:2 [:??

Portals:
Hell: Lair:5
Abyss: D:7

Annotations:
D:4 exclusion: oklob plant


Innate Abilities, Weirdness & Mutations

You are immune to sickness and miasma.
Your stone body is resilient. (AC +12)
You are immune to poison.
Your large and strong wings let you fly.
You resist negative energy. (rN+)
You are resistant to electric shocks. (rElec)
You are resistant to unholy torment.
You are immune to petrification.
You have very sharp teeth.
You are clumsy. (Dex -2)
Your natural rate of healing is unusually fast.
You are weak. (Str -2)
You are vulnerable to heat. (rF-)


Message History

The eleionoma completely misses you. 2 foxfires come into view.
You slice the eleionoma!! Your bite misses the eleionoma.
The eleionoma is heavily wounded.
The foxfire hits you but does no damage. x2
The eleionoma hurls a spray of splinters at you.
The spray of wooden splinters misses you.
Unknown command.
Okay, then.
You slash the eleionoma!
The eleionoma is heavily wounded.
The will-o-the-wisp blinks!
Unknown command.
The will-o-the-wisp gestures.
The will-o-the-wisp conjures some foxfire! 2 foxfires come into view.
The eleionoma is no longer blind.
The foxfire hits you but does no damage. x2
The eleionoma hurls a spray of splinters at you.
The spray of wooden splinters misses you.
The will-o-the-wisp gestures.
The will-o-the-wisp conjures some foxfire!
The eleionoma hurls a spray of splinters at you.
The spray of wooden splinters hits you but does no damage. 2 foxfires come into view.
You closely miss the will-o-the-wisp. You slash the eleionoma!
The foxfire hits you but does no damage.
The foxfire hits you!!! The fire burns you terribly!
* * * LOW HITPOINT WARNING * * *
The will-o-the-wisp gestures.
The will-o-the-wisp conjures some foxfire!
The eleionoma hurls a spray of splinters at you.
The spray of wooden splinters hits you but does no damage.
The will-o-the-wisp engulfs you but does no damage. 2 foxfires come into view.
Unknown command.
Okay, then.
You feel protected. The foxfire hits you!!
You die...

~~♣♣.~~†####..~~~i~~.♣♣
~~♣[~.........~~~.....♣
.~.~~#.....#..~§~~~§.§♣
?..).#.....#..[~§~....♣
.~...#.....#..[~§§....♣
§~...#.##.##.).[..~~~§♣♣
~....#.#...#..§§~~.~~.~♣
...'÷##......†§vv~<..♣♣♣
..#.÷..#...#.).v@....♣
..#....#...#..)R....~♣
..#....#...#...††..♣♣♣
..######.#.#...~~~>♣ ~
......~.~~~.~~♣
......~.~~~~.....~
~..~~~~~~.~~~....~~~~
..~~~~..~~~.~♣~~~§~
~.....♣~~~~.~.~~~§~


You could see an eleionoma and a will-o-the-wisp.

Vanquished Creatures
  Nikola (Swamp:1)
  A Hell Sentinel (Abyss:2)
  2 tentacled starspawn (Abyss:2)
  Kirke (Lair:5)
  Donald (Orc:2)
  Louise (D:14)
  An orc warlord (Orc:1)
  Azrael (D:15)
  A minotaur (Gauntlet)
  A rakshasa (D:14)
  A great orb of eyes (D:15)
  4 hydras
  Erolcha (Orc:2)
  4 vault guards (D:13)
  5 ogre magi
  A catoblepas (D:13)
  8 two-headed ogres
  A death knight (D:13)
  9 centaur warriors
  5 boulder beetles
  2 alligators (Swamp:1)
  3 tengu warriors
  7 large abominations
  The ghost of themarg the Fighter, a novice MiFi of Okawaru (D:7)
  A sun demon (Lair:5)
  Urug (Lair:5)
  Nergalle (Lair:2)
  Sonja (D:12)
  3 wretched stars
  Amaemon (D:8)
  3 goliath frogs (Swamp:1)
  2 spriggan druids (Swamp:1)
  4 cherubim (D:13)
  2 deep elf pyromancers
  3 wizards
  Pikel (D:4)
  21 ugly things
  2 orc knights
  A phantasmal warrior (D:13)
  9 orc sorcerers
  A shining eye (Abyss:2)
  5 cyclopes
  A salamander (shapeshifter) (D:15)
  2 worldbinders (Abyss:2)
  2 black mambas
  3 manticores
  9 elephants
  Maurice (D:8)
  A rust devil (D:7)
  An apocalypse crab (Abyss:2)
  A molten gargoyle (Volcano)
  11 cane toads
  Joseph (D:9)
  A gargoyle (D:10)
  4 smoke demons (Abyss:2)
  5 orange demons
  2 unseen horrors
  Maggie (D:7)
  A yaktaur (shapeshifter) (D:13)
  6 rime drakes
  3 freezing wraiths
  2 hellwings
  13 komodo dragons
  An efreet (D:15)
  2 ancient zymes
  An ice devil (Lair:5)
  2 tyrant leeches
  2 red devils (Lair:5)
  2 trolls
  A polar bear (Lair:5)
  2 hornets
  A wolf spider simulacrum (D:14)
  10 slime creatures
  16 blink frogs
  2 raiju
  5 wraiths
  3 ynoxinuls (Abyss:2)
  Sigmund (D:2)
  7 shadows
  46 yaks
  5 spriggans (Swamp:1)
  2 vampires (D:12)
  2 wyverns
  Grum (D:8)
  5 fire elementals
  3 neqoxecs (Abyss:2)
  4 hogs (Lair:5)
  2 redbacks (Lair:3)
  A steam dragon (Gauntlet)
  2 basilisks
  4 swamp worms (Swamp:1)
  4 vampire mosquitoes (D:13)
  2 acid dragons
  2 wargs (Orc:2)
  Duvessa (D:6)
  14 water moccasins
  6 hell hounds
  21 orc warriors
  A swamp drake (Swamp:1)
  4 ice beasts
  A black bear (Lair:3)
  12 ogres
  3 sky beasts
  15 wolves
  A lemure (D:4)
  16 centaurs
  A phantom (D:6)
  7 kobold brigands
  12 bullfrogs
  2 gnoll sergeants
  A necrophage (D:5)
  10 small abominations
  5 wights (D:8)
  Dowan (D:6)
  A howler monkey (D:8)
  A crimson imp (Abyss:2)
  8 starcursed masses (Abyss:2)
  A quasit (Abyss:2)
  18 orc priests
  A hound (D:7)
  3 iron imps
  Jessica (D:2)
  5 iguanas
  2 gnoll boudas
  Natasha (twice) (D:4)
  32 orc wizards
  A boggart simulacrum (D:14)
  19 gnolls
  8 adders
  A shadow imp (D:7)
  An ufetubus (D:5)
  A worm (D:2)
  3 dart slugs
  67 orcs
  2 bats
  10 endoplasms
  16 giant cockroaches
  5 goblins
  9 hobgoblins
  6 jackals
  28 kobolds
  13 quokkas
  16 ball pythons
  16 frilled lizards
  2 rats
772 creatures vanquished.

Vanquished Creatures (collateral kills)
  A dire elephant (Lair:5)
  An entropy weaver (shapeshifter) (D:15)
  2 hydras
  An alligator (Swamp:2)
  A wretched star (D:13)
  A bog body (Swamp:2)
  A blink frog (Lair:5)
8 creatures vanquished.

Vanquished Creatures (others)
  A hornet (Swamp:1)
  10 foxfires (Swamp:1)
  30 fungi
  54 plants
  4 starspawn tentacles (Abyss:2)
99 creatures vanquished.

Grand Total: 879 creatures vanquished

Notes
Turn   | Place    | Note
-------+----------+-------------------------------------------
     0 | D:1      | hikkokomori the Gargoyle Berserker began the quest for the
                  | Orb.
     0 | D:1      | Reached XP level 1. HP: 14/14 MP: 1/1
    74 | D:1      | Reached XP level 2. HP: 13/19 MP: 2/2
   241 | D:1      | Reached ** piety under Trog
   242 | D:1      | Reached XP level 3. HP: 16/23 MP: 3/3
   466 | D:1      | Identified 3 scrolls of acquirement
   466 | D:1      | Acquired a +0 war axe of freezing
   468 | D:1      | Acquired a +3 broad axe of freezing
   469 | D:1      | Acquired the +8 orange crystal plate armour {Archmagi,
                  | Int+3 Clar}
   469 | D:1      | Found the +8 orange crystal plate armour {Archmagi, Int+3
                  | Clar}
   608 | D:2      | Noticed Jessica
   610 | D:2      | Killed Jessica
   611 | D:2      | Reached XP level 4. HP: 29/29 MP: 4/4
   726 | D:2      | Reached skill level 4 in Fighting
  1102 | D:2      | Found Nownom's Weapon Shop.
  1241 | D:2      | Noticed Sigmund
  1245 | D:2      | Killed Sigmund
  1246 | D:2      | Reached XP level 5. HP: 34/34 MP: 5/5
  1246 | D:2      | Reached XP level 6. HP: 40/40 MP: 6/6
  1252 | D:2      | Identified the +0 scale mail of Duty {Int+3}
  1837 | D:3      | Found an ornate altar of the Wu Jian Council.
  2177 | D:4      | Reached skill level 5 in Fighting
  2286 | D:4      | Noticed Natasha
  2292 | D:4      | Killed Natasha
  2367 | D:4      | Reached XP level 7. HP: 44/44 MP: 7/7
  2430 | D:4      | Reached skill level 5 in Armour
  2456 | D:4      | Found an opulent altar of Gozag.
  2456 | D:4      | Found a sparkling altar of Nemelex Xobeh.
  2557 | D:4      | Reached *** piety under Trog
  2604 | D:4      | Found Paozumom's Self-Improvement Boutique.
  2740 | D:4      | Noticed Pikel
  2750 | D:4      | Killed Pikel
  2751 | D:4      | Reached skill level 6 in Fighting
  2751 | D:4      | Reached skill level 5 in Axes
  2751 | D:4      | Reached XP level 8. HP: 52/52 MP: 8/8
  2898 | D:4      | Found a blossoming altar of Fedhas.
  2910 | D:4      | Noticed Natasha
  2917 | D:4      | Noticed an oklob plant
  2948 | D:4      | Killed Natasha
  3349 | D:5      | Entered Level 5 of the Dungeon
  3500 | D:5      | Found a glowing drain.
  3514 | Sewer    | Entered a sewer
  3521 | Sewer    | Reached skill level 7 in Fighting
  3668 | Sewer    | Reached **** piety under Trog
  4202 | D:5      | Found a glowing golden altar of the Shining One.
  4253 | D:5      | Found a staircase to the Ecumenical Temple.
  4516 | D:6      | Reached XP level 9. HP: 58/58 MP: 9/9
  4521 | D:6      | Reached skill level 1 in Shields
  4587 | D:6      | Noticed Duvessa
  4587 | D:6      | Noticed Dowan
  4592 | D:6      | Killed Duvessa
  4592 | D:6      | Killed Dowan
  4593 | D:6      | Reached skill level 8 in Fighting
  4682 | D:6      | Found a bloodstained altar of Trog.
  4704 | D:6      | Identified the +10 dagger "Qiasiol" {protect, rF+ Dex+3}
  5457 | D:7      | Noticed Maggie
  5467 | D:7      | Killed Maggie
  5496 | D:7      | Found a basalt altar of Yredelemnul.
  5570 | D:7      | Noticed an ancient zyme
  5571 | D:7      | Noticed themarg's ghost (novice MiFi)
  5572 | D:7      | Found a transporter.
  5574 | D:7      | Reached skill level 9 in Fighting
  5580 | D:7      | Found a one-way gate to the infinite horrors of the Abyss.
  5589 | D:7      | Found a transporter.
  5601 | D:7      | Noticed a rust devil
  5718 | D:7      | Noticed a komodo dragon
  5724 | D:7      | Killed a komodo dragon
  5735 | D:7      | Reached XP level 10. HP: 41/66 MP: 10/10
  6018 | D:7      | Found a white marble altar of Elyvilon.
  6496 | D:8      | Found a staircase to the Lair.
  6589 | D:8      | Found a sacrificial altar of Ru.
  6649 | D:8      | Noticed Grum
  6661 | D:8      | Reached skill level 10 in Fighting
  6670 | D:8      | Killed Grum
  6844 | D:8      | Killed an unseen horror
  6986 | D:8      | Noticed Amaemon
  6986 | D:8      | Noticed an orange demon
  7004 | D:8      | Killed Amaemon
  7012 | D:8      | Killed an orange demon
  7375 | D:9      | Noticed a boulder beetle
  7388 | D:9      | Killed a boulder beetle
  7389 | D:9      | Reached skill level 5 in Shields
  7402 | D:9      | Noticed a cyclops
  7413 | D:9      | Killed a cyclops
  7414 | D:9      | Reached XP level 11. HP: 49/73 MP: 11/11
  7531 | D:9      | Reached skill level 11 in Fighting
  7601 | D:9      | Reached ***** piety under Trog
  7618 | D:9      | Identified the +4 whip of Xyoraigu {drain, rN+}
  7623 | D:9      | Noticed a two-headed ogre
  7627 | D:9      | Killed a two-headed ogre
  7663 | D:9      | Noticed Joseph
  7672 | D:9      | Killed Joseph
  7838 | D:9      | Found a radiant altar of Vehumet.
  7849 | D:9      | Noticed Maurice
  7887 | D:8      | Gained mutation: You are clumsy. (Dex -2) [potion of
                  | mutation]
  7887 | D:8      | Gained mutation: Your body sometimes deteriorates upon
                  | taking damage. [potion of mutation]
  7894 | D:8      | Killed Maurice
  7895 | D:8      | Reached skill level 10 in Axes
  8351 | D:9      | Reached skill level 12 in Fighting
  8643 | D:9      | Noticed a centaur warrior
  8649 | D:9      | Killed a centaur warrior
  8796 | D:10     | Entered Level 10 of the Dungeon
  8965 | D:10     | Found a glowing silver altar of Zin.
  8966 | D:10     | Found a stormy altar of Qazlal.
  9134 | D:10     | Reached skill level 10 in Armour
  9134 | D:10     | Reached XP level 12. HP: 75/82 MP: 12/12
  9148 | D:10     | Received a gift from Trog
  9402 | D:10     | Found a staircase to the Orcish Mines.
  9608 | D:11     | Found a gate leading to a gauntlet.
  9619 | Gauntlet | Entered a Gauntlet
  9619 | Gauntlet | Found a transporter.
  9626 | Gauntlet | Found a transporter.
  9628 | Gauntlet | Found a transporter.
  9633 | Gauntlet | Found a runed translucent door.
  9633 | Gauntlet | Found a runed translucent door.
  9638 | Gauntlet | Found a transporter.
  9641 | Gauntlet | Found a transporter.
  9643 | Gauntlet | Noticed a large abomination
  9651 | Gauntlet | Found a transporter.
  9667 | Gauntlet | Found a transporter.
  9680 | Gauntlet | Found a transporter.
  9692 | Gauntlet | Found a transporter.
  9706 | Gauntlet | Found a transporter.
  9719 | Gauntlet | Found a runed translucent gate.
  9720 | Gauntlet | Found a transporter.
  9720 | Gauntlet | Found a runed translucent gate.
  9720 | Gauntlet | Found a transporter.
  9721 | Gauntlet | Found a runed translucent gate.
  9763 | Gauntlet | Found a transporter.
  9891 | Gauntlet | Found a transporter.
  9907 | Gauntlet | Identified the +0 hat "Xeadghomy" {Harm Fly Slay-3}
  9946 | Gauntlet | Killed a large abomination
  9962 | Gauntlet | Identified the +6 lajatang of the Final Decision {venom,
                  | Fly rN+ Str+2}
  9969 | Gauntlet | Identified the +1 pair of gloves "Dybral" {Harm rPois rF-
                  | rN+}
 10045 | Gauntlet | Noticed a minotaur
 10053 | Gauntlet | Killed a minotaur
 10060 | Gauntlet | Found the +3 hat of Pondering {ponderous, Will+ MP+10
                  | Int+5}
 10065 | Gauntlet | Identified the +2 war axe of the Puckish God {freeze, *Rage
                  | rElec rPois}
 10065 | Gauntlet | Identified the +7 sling "Grim" {vorpal, Will+}
 10255 | D:11     | Identified the +3 long sword "Tetuoh" {holy, SInv}
 10397 | D:11     | Reached skill level 13 in Fighting
 10462 | D:11     | Found Suepn's Armour Shop.
 11081 | D:12     | Noticed a two-headed ogre
 11092 | D:12     | Killed a two-headed ogre
 11153 | D:12     | Noticed Sonja
 11162 | D:12     | Killed Sonja
 11292 | D:12     | Noticed a boulder beetle
 11303 | D:12     | Killed a boulder beetle
 11422 | D:12     | Noticed a two-headed ogre
 11430 | D:12     | Killed a two-headed ogre
 11603 | D:13     | Found Tem Roem's Demolitions Depot.
 11660 | D:13     | Noticed a tengu warrior
 11675 | D:13     | Killed a tengu warrior
 11676 | D:13     | Noticed a four-headed hydra
 11686 | D:13     | Killed a seven-headed hydra
 11687 | D:13     | Reached XP level 13. HP: 77/89 MP: 13/13
 11795 | D:13     | Reached skill level 14 in Fighting
 12074 | D:13     | Found a gate to the Vaults.
 12074 | D:13     | Noticed a vault guard
 12074 | D:13     | Noticed a vault guard
 12074 | D:13     | Noticed a vault guard
 12074 | D:13     | Noticed a vault guard
 12548 | D:13     | Found the +1 cloak of Starlight {*Dazzle EV+4 Stlth--}
 12946 | Lair:1   | Entered Level 1 of the Lair of Beasts
 12994 | Lair:1   | Received a gift from Trog
 13743 | Lair:2   | Noticed Nergalle
 13761 | Lair:2   | Killed Nergalle
 13870 | Lair:2   | Reached skill level 15 in Fighting
 14569 | Lair:2   | Found a staircase to the Swamp.
 14819 | Lair:3   | Gained mutation: Your large and strong wings let you fly.
                  | [Gargoyle growth]
 14819 | Lair:3   | Reached XP level 14. HP: 93/98 MP: 14/14
 14833 | Lair:3   | Found a hole to the Spider Nest.
 15821 | Lair:4   | Found a staircase to the Slime Pits.
 16140 | Lair:4   | Found a dark tunnel.
 16150 | Volcano  | Entered a volcano
 16761 | Lair:5   | Entered Level 5 of the Lair of Beasts
 16766 | Lair:5   | Noticed Kirke
 16776 | Lair:5   | Received a gift from Trog
 16787 | Lair:5   | Killed Kirke
 17071 | Lair:5   | Noticed Urug
 17091 | Lair:5   | Killed Urug
 17092 | Lair:5   | Reached skill level 16 in Fighting
 17511 | Lair:5   | Noticed a dire elephant
 17522 | Lair:5   | Killed a dire elephant
 17753 | Lair:5   | Found a burning altar of Makhleb.
 17910 | Lair:5   | Found a gateway to Hell.
 18657 | D:13     | Reached XP level 15. HP: 64/105 MP: 11/15
 18821 | D:7      | Reached skill level 5 in Dodging
 18834 | D:7      | Killed themarg's ghost
 18914 | D:7      | Lost mutation: Your body sometimes deteriorates upon taking
                  | damage. [potion of mutation]
 18914 | D:7      | Lost mutation: You are clumsy. (Dex -2) [potion of
                  | mutation]
 18914 | D:7      | Gained mutation: You are clumsy. (Dex -2) [potion of
                  | mutation]
 18914 | D:7      | Gained mutation: Your natural rate of healing is unusually
                  | fast. [potion of mutation]
 19110 | D:14     | Noticed Louise
 19137 | D:14     | Reached skill level 17 in Fighting
 19157 | D:14     | Killed Louise
 19363 | D:14     | Identified the +2 leather armour "Hoaff" {rElec Str-5
                  | Slay+3 SInv}
 19777 | Abyss:2  | Cast into level 2 of the Abyss (a wizard)
 19821 | Abyss:2  | Noticed a tentacled starspawn
 19831 | Abyss:2  | Killed a tentacled starspawn
 19877 | Abyss:2  | Gained mutation: You are vulnerable to heat. (rF-) [a
                  | neqoxec]
 19880 | Abyss:2  | Gained mutation: You are weak. (Str -2) [a neqoxec]
 19954 | Abyss:2  | Noticed a Hell Sentinel
 19968 | Abyss:2  | Killed a Hell Sentinel
 19969 | Abyss:2  | Reached skill level 15 in Axes
 19976 | Abyss:2  | Reached ****** piety under Trog
 20157 | Abyss:2  | Noticed a tentacled starspawn
 20171 | Abyss:2  | Killed a tentacled starspawn
 20185 | Abyss:2  | Paralysed by accursed screaming for 1 turns
 20197 | Abyss:2  | Received a gift from Trog
 20202 | Abyss:2  | Gained mutation: You have very sharp teeth. [a shining eye]
 20246 | Abyss:2  | Noticed a tentacled starspawn
 20274 | D:14     | Escaped the Abyss
 20332 | D:15     | Entered Level 15 of the Dungeon
 20359 | D:15     | Reached XP level 16. HP: 101/114 MP: 13/16
 20359 | D:15     | Paralysed by something for 4 turns
 20368 | D:15     | Reached skill level 18 in Fighting
 20586 | D:15     | Noticed Azrael
 20595 | D:15     | Killed Azrael
 20932 | D:15     | Found a staircase to the Depths.
 21078 | D:15     | Found a sparkling altar of Nemelex Xobeh.
 21352 | Orc:1    | Entered Level 1 of the Orcish Mines
 21644 | Orc:1    | Upgraded the game from 0.30-a0-279-g4b46babb21 to
                  | 0.30-a0-292-g0f741e3f8e
 21971 | Orc:2    | Entered Level 2 of the Orcish Mines
 21989 | Orc:2    | Received a gift from Trog
 22088 | Orc:2    | Paralysed by an orc sorcerer for 4 turns
 22133 | Orc:2    | Noticed Donald
 22148 | Orc:2    | Killed Donald
 22274 | Orc:2    | Found a staircase to the Elven Halls.
 22432 | Orc:2    | Found Zoqyaq's Magic Scroll Shop.
 22439 | Orc:2    | Bought a scroll of teleportation for 39 gold pieces
 22439 | Orc:2    | Bought a scroll of blinking for 97 gold pieces
 22439 | Orc:2    | Bought a scroll of identify for 26 gold pieces
 22439 | Orc:2    | Bought a scroll of magic mapping for 97 gold pieces
 22452 | Orc:2    | Found a radiant altar of Vehumet.
 22452 | Orc:2    | Noticed Erolcha
 22460 | Orc:2    | Killed Erolcha
 22490 | Orc:2    | Found an ancient bone altar of Kikubaaqudgha.
 22530 | Orc:2    | Found Ugomuonie's Magic Scroll Boutique.
 22543 | Orc:2    | Bought a scroll of blinking for 127 gold pieces
 22699 | Orc:2    | Found Jytuich's Book Shop.
 22725 | Orc:2    | Found Estra's Antique Armour Boutique.
 23589 | Swamp:1  | Entered Level 1 of the Swamp
 23710 | Swamp:1  | Noticed Nikola
 23723 | Swamp:1  | Killed Nikola
 23798 | Swamp:1  | Received a gift from Trog
 23874 | Swamp:1  | Killed from afar by a will-o-the-wisp

Illustrated notes

Levels and vault maps discovered:
D:1:      minmay_arrival_three_doors, layout_rooms, minmay_lizard_king
D:2:      layout_loops_corners, serial_shops, nicolae_diamond_shop,
          kennysheep_jessica_study, uniq_sigmund
D:3:      layout_loops_ring, lemuel_tele_altar, uniq_jessica
D:4:      cheibrodos_thug_alley, layout_loops_ring,
          grunt_temple_overflow_opulence, tgw_fedhas, nicolae_shop_self_help,
          uniq_natasha, uniq_pikel
D:5:      layout_loops_ring, tso_altar, nicolae_overflow_hidden_temple,
          minmay_temple_entry_enclosed_plants, portal_sewer_entry_f,
          serial_bayou_pond_d
D:6:      layout_cave_pods, bloody_trog, hangedman_abyss_or_decor_stagger,
          uniq_duvessa
D:7:      layout_basic, kennysheep_ying_yang, gammafunk_ghost_abyssal_escape,
          uniq_maggie
D:8:      layout_cave_pods, nicolae_ru_sacrificial_ziggurat,
          david_lair_shrubbed, dk_noncrumbling_3, minmay_circle_x, uniq_amaemon,
          uniq_grum
D:9:      layout_roguey, vehumet_altar_wand_db, minmay_diamond_spiral,
          uniq_joseph, uniq_maurice
D:10:     layout_cave_pools, minitemple, david_orc_4, chequers_decorated_corner,
          statue_in_the_mist_lemuel
D:11:     layout_irregular_city, serial_shops, shop, gauntlet_entry_generic
D:12:     layout_cave_pools, corexii_corridor_pit, uniq_sonja
D:13:     layout_loops_cross, lightli_vaults_fourway_checkpoint,
          nicolae_blasting_shop, kennysheep_crisscross,
          hellmonk_guarded_unrand_starlight
D:14:     layout_cave_pools, hellmonk_bongcloud_opening, grunt_tough_drop,
          uniq_louise
D:15:     gammafunk_enter_depths_forms, layout_basic, grunt_decor_clamped,
          grunt_ministairs_2, nemelex_diamond_rough_becter, uniq_azrael
Lair:1:   layout_regular_city
Lair:2:   layout_cave_shapes, swamp_mist, grunt_megastairs_1,
          lemuel_fruit_fields, uniq_nergalle
Lair:3:   layout_hall_layers, spider_nest_entry_webs
Lair:4:   layout_gridlike, slime_entry_1, nicolae_volcano_entry_lava_flow
Lair:5:   evil_forest, layout_cave_pods, nicolae_lair_lil_pond, uniq_kirke,
          uniq_urug
Swamp:1:  layout_basic_swamp, serial_swamp_ruin, evilmike_swamp_ruin_house_5,
          evilmike_swamp_ruin_house_3, hangedman_swamp_ruin_hall, uniq_nikola
Swamp:2:  layout_basic_swamp, hangedman_swamp_blocks, swamp_pool1,
          hangedman_swamp_lotus
Orc:1:    layout_diamond_mine
Orc:2:    kennysheep_orc_mage_school, layout_caves, basic_altar, uniq_donald

Skill      XL: |  1  2  3  4  5  6  7  8  9 10 11 12 13 14 15 16 |
---------------+-------------------------------------------------+-----
Axes           | 3 4 5 6 7 9 10 11 13 14 15 16 | 16.3
Dodging        | 2 3 4 6 8 |  8.0
Armour         | 3 4 6 7 8 9 10 11 12 13 14 | 14.9
Fighting       | 4 5 6 7 9 10 12 13 15 16 17 18 | 18.4
Shields        | 3 5 6 8 9 |  9.0

Action                   |  1- 3 |  4- 6 |  7- 9 | 10-12 | 13-15 | 16-18 || total
-------------------------+-------+-------+-------+-------+-------+-------++-------
Melee: Hand axe          |    72 |       |       |       |       |       ||    72
       Broad axe         |     1 |    78 |   331 |   388 |   918 |   405 ||  2121
       Punch             |       |       |     3 |       |       |       ||     3
       Unarmed           |       |       |       |     2 |       |       ||     2
       Bite              |       |       |       |       |     8 |    61 ||    69
Throw: Javelin           |       |       |       |       |       |     1 ||     1
Invok: Berserk           |     1 |     1 |     3 |     9 |    11 |     5 ||    30
       Brothers in Arms  |       |       |       |       |     2 |     2 ||     4
       Trog's Hand       |       |       |       |       |     4 |     5 ||     9
Evoke: Wand              |       |       |       |     1 |     4 |     1 ||     6
       Lightning rod     |       |       |       |     4 |     4 |     4 ||    12
       Phial of floods   |       |       |       |     1 |     1 |       ||     2
  Use: Scroll            |     3 |       |     8 |    13 |     9 |     5 ||    38
       Potion            |       |       |       |     6 |     1 |     2 ||     9
 Stab: Invisible         |       |       |       |       |    13 |     7 ||    20
       Confused          |       |       |       |       |       |     1 ||     1
Armor: Animal skin       |    17 |       |       |       |       |       ||    17
       Crystal plate arm |       |    69 |   248 |   367 |   677 |   297 ||  1658
       Skin              |       |       |       |     4 |       |       ||     4
Dodge: Dodged            |    44 |    14 |   153 |   172 |   517 |   238 ||  1138
Block: Buckler           |       |       |       |    67 |   247 |   125 ||   439
       Reflection        |       |       |       |       |    12 |     7 ||    19

Table legend: (Time is in decaauts)
 A = Elapsed time spent in this place.
 B = Non-inter-level travel time spent in this place.
 C = Inter-level travel time spent in this place.
 D = Time resting spent in this place.
 E = Time spent auto-exploring this place.
 F = Levels seen in this place.
 G = Mean time per level.
                   A        B        C        D        E       F      G
               +--------+--------+--------+--------+--------+-----+--------+
         Total |  24322 |  22144 |   2178 |   1838 |  14995 |  28 |  868.6 |
       Dungeon |  15775 |  14042 |   1733 |   1200 |   9997 |  15 | 1051.7 |
          Lair |   5012 |   4715 |    297 |    379 |   3353 |   5 | 1002.4 |
         Swamp |    291 |    291 |      0 |    107 |     26 |   2 |  145.5 |
  Orcish Mines |   1316 |   1169 |    147 |      7 |    867 |   2 |  658.0 |
         Abyss |    513 |    513 |      0 |     42 |    144 |   1 |  513.0 |
         Sewer |    432 |    432 |      0 |      0 |    193 |   1 |  432.0 |
       Volcano |    338 |    338 |      0 |      0 |    167 |   1 |  338.0 |
      Gauntlet |    643 |    643 |      0 |    102 |    248 |   1 |  643.0 |
               +--------+--------+--------+--------+--------+-----+--------+

Top non-repeatable levels by time:
    D:13: 1962 daAuts
     D:8: 1583 daAuts
  Lair:5: 1441 daAuts
     D:9: 1315 daAuts
     D:4: 1235 daAuts
     D:7: 1226 daAuts
     D:2: 1054 daAuts
  Lair:1: 1053 daAuts
    D:10: 1035 daAuts
    D:11: 986 daAuts
     D:6: 949 daAuts
  Lair:3: 919 daAuts
    D:15: 878 daAuts
   Orc:2: 878 daAuts
  Lair:2: 852 daAuts
